Map: King's Cove LE

Players

GhostHell

  • Race: Zerg Zerg
  • Spawn Location: 5:00

sleepCOW - Winner!

  • Race: Zerg Zerg
  • Spawn Location: 11:00

Event: 2019 WCS Summer

VOD

Have the link to the VOD?

Description

Time

  • Played on: July 12, 2019, 8:44 a.m.
  • Length: 6:17

All games in this series

Show
View Real Time Build Order
Export as new Build Order

GhostHell Zerg 

Build Orders: Hatch First 

Get SALT Encoding   

  12  0:00  Drone  
  13  0:15  Overlord  
  13  0:20  Drone  
  14  0:34  Drone  
  15  0:39  Drone x2  
  17  0:56  Hatchery  
  16  0:57  Drone  
  16  1:01  Drone  
  18  1:11  Extractor  
  17  1:16  Spawning Pool  
  16  1:20  Drone  
  17  1:26  Drone  
  18  1:34  Drone  
  19  1:43  Overlord  
  19  1:56  Drone  
  20  2:03  Queen  
  20  2:04  Zergling x2  
  23  2:08  Queen  
  23  2:09  Zergling x2  
  23  2:14  Metabolic Boost  
  27  2:15  Drone  
  27  2:20  Drone  
  28  2:25  Drone  
  29  2:31  Drone  
  29  2:35  Drone  
  31  2:44  Hatchery  
  31  2:47  Drone  
  31  2:50  Drone  
  32  2:59  Drone x2, Baneling Nest  
  32  3:04  Overlord  
  33  3:14  Drone  
  33  3:15  Drone x2  
  33  3:17  Evolution Chamber  
  33  3:19  Zergling x2  
  36  3:26  Zergling x6  
  38  3:31  Drone  
  38  3:32  Drone  
  40  3:35  Overlord  
  40  3:38  Zergling x2  
  41  3:43  Baneling x2  
  41  3:44  Baneling x2  
  41  3:49  Zergling x2  
  41  3:50  Zergling x2  
  41  3:54  Overlord  
  43  3:56  Queen  
  43  3:57  Zergling x2  
  45  4:12  Zergling x4  
  45  4:13  Zergling x4  
  45  4:14  Drone x2  
  45  4:15  Drone  
  52  4:23  Baneling  
  52  4:25  Drone  
  53  4:31  Extractor  
  53  4:33  Drone x3  
  53  4:36  Overlord  
  53  4:37  Zergling x4  
  53  4:38  Zergling x6  
  60  4:45  Spine Crawler  
  60  4:47  Zergling x4  
  60  4:52  Roach Warren  
  58  4:57  Zergling x8  
  62  5:04  Baneling  
  62  5:05  Baneling x4  
  62  5:07  Zergling x6  
  64  5:35  Baneling x3  
  56  5:36  Roach x4  
  56  5:41  Zergling x18  
  52  5:52  Roach x2  
Show
View Real Time Build Order
Export as new Build Order

sleepCOW Zerg - Winner!

Build Orders: Hatch First 

Get SALT Encoding   

  12  0:00  Drone  
  13  0:12  Overlord  
  13  0:18  Drone  
  14  0:31  Drone  
  14  0:32  Drone  
  16  0:49  Hatchery  
  15  0:52  Drone  
  15  0:56  Drone  
  17  0:59  Drone  
  18  1:10  Extractor  
  17  1:15  Spawning Pool  
  17  1:18  Drone  
  17  1:22  Drone  
  18  1:29  Drone  
  19  1:41  Drone  
  20  1:50  Drone  
  22  2:01  Drone, Queen x2  
  22  2:02  Overlord  
  26  2:12  Drone x2  
  26  2:14  Metabolic Boost  
  28  2:22  Drone  
  29  2:23  Drone  
  30  2:36  Hatchery  
  29  2:38  Zergling x2  
  29  2:40  Zergling x2  
  31  2:44  Zergling x2  
  31  2:46  Drone  
  33  2:56  Overlord  
  33  2:57  Zergling x2  
  34  3:13  Overlord  
  34  3:21  Zergling x2  
  34  3:22  Zergling x12  
  34  3:26  Roach Warren  
  40  3:33  Zergling x2  
  40  3:34  Zergling x2  
  42  3:40  Overlord  
  42  3:41  Overlord  
  42  3:42  Overlord  
  42  3:48  Baneling Nest  
  37  4:10  Roach  
  37  4:11  Roach x6  
  37  4:15  Roach  
  53  4:19  Roach  
  53  4:24  Zergling x4  
  57  4:27  Zergling x2  
  57  4:29  Zergling x2  
  59  4:35  Zergling x2  
  59  4:36  Zergling x4  
  59  4:38  Zergling x2  
  63  4:43  Zergling x2  
  63  4:51  Zergling x6  
  63  4:52  Zergling x2  
  67  4:54  Baneling x2  
  67  4:57  Baneling x2  
  67  5:06  Zergling x8  
  71  5:20  Zergling x2  
  71  5:21  Zergling x10  
  70  5:36  Baneling x5  
  70  5:38  Zergling x8  
  61  5:56  Zergling x8  
  61  5:57  Zergling x4  
Tags
 
Add a new tag
Caveats
  • Supply blocks, unpowered buildings, or Contaminate may cause inaccurate times.
  • Supply counts are checked every 10 seconds.